 Dungeon Crawl Stone Soup version 0.31-a0-1388-g4b2ba238e7 (webtiles) character file.

Game seed: 2478360698865149772

123 grandjackal the Slasher (level 4, -2/36 HPs)
             Began as a Demonspawn Gladiator on Dec 24, 2023.
             Killed by nerve-wracking pain
             ... invoked by Grinder
              (13 damage)
             ... on level 3 of the Dungeon.
             The game lasted 00:02:09 (2068 turns).

grandjackal the Slasher (Demonspawn Gladiator)      Turns: 2068, Time: 00:02:10

Health: -2/36      AC:  6    Str: 14    XL:     4   Next: 80%
Magic:  4/4        EV: 11    Int:  9    God:
Gold:   90         SH:  0    Dex: 16    Spells: 3/3 levels left

rFire   . . .        a - +0 long sword
rCold   . . .        (no shield)
rNeg    . . .        k - +0 ring mail
rPois   .            c - +0 helmet
rElec   .            (no cloak)
rCorr   .            (no gloves)
SInv    .            (no boots)
Will    .....        (no amulet)
Stlth   +            (no ring)
HPRegen 0.26/turn    (no ring)
MPRegen 0.09/turn

%: no passive effects
@: no status effects
A: hooves 2
a: no special abilities


You were on level 3 of the Dungeon.
You visited 1 branch of the dungeon, and saw 3 of its levels.

You collected 90 gold pieces.

Inventory:

Hand Weapons
 a - a +0 long sword (weapon)
Missiles
 d - 3 throwing nets (quivered)
 e - a javelin
Armour
 c - a +0 helmet (worn)
 k - a +0 ring mail (worn)
Jewellery
 n - a +6 ring of intelligence
Scrolls
 f - a scroll of fog {unknown}
 g - 2 scrolls of immolation {unknown}
 h - a scroll of teleportation {unknown}
 i - 2 scrolls of identify {unknown}
 j - 4 scrolls of fear {unknown}
 m - a scroll of enchant armour {unknown}
Potions
 b - a potion of resistance {unknown}
 l - a potion of lignification {unknown}
 o - a potion of curing {unknown}


   Skills:
 + Level 3.6 Fighting
 + Level 3.8 Long Blades
 - Level 2.0 Throwing
 - Level 3.0 Dodging


You had 3 spell levels left.
You didn't know any spells.
Your spell library contained the following spells:

 Spells                   Type           Power      Damage    Failure   Level
 Apportation              Tloc           0%         N/A       63%         1
 Freeze                   Ice            0%         1d3       63%         1
 Necrotise                Necr           0%         1d4       63%         1
 Sting                    Conj/Alch      0%         1d3       63%         1
 Summon Small Mammal      Summ           0%         N/A       63%         1
 Frozen Ramparts          Ice            0%         1d1       94%         3
 Hailstorm                Conj/Ice       0%         3d5       94%         3
 Volatile Blastmotes      Fire/Tloc      0%         2d10      94%         3
 Fulminant Prism          Conj/Alch      0%         3d5       100%        4
 Iskenderun's Mystic Bla  Conj/Tloc      0%         2d3       100%        4


Dungeon Overview and Level Annotations

Branches:
Dungeon (3/15)

Altars:
Yredelemnul

Annotations:
D:3 Grinder


Innate Abilities, Weirdness & Mutations

You have hoof-like feet.


Message History

You slash the bat!
You kill the bat!
No target in view!
No target in view!
Grinder and a ball python come into view.
Grinder shouts!
The ball python hisses angrily.
There are monsters nearby!
The ball python bites you. The ball python grabs you.
The ball python constricts you. The ball python misses you.
The ball python constricts you.
You barely miss the ball python.
Grinder says, "I used to sell toenails on the black market."
The ball python bites you. The ball python constricts you. Grinder hits you.
You writhe in agony.
You escape the ball python's grasp.
The ball python attacks as it pursues you!
The ball python closely misses you. x2
Grinder says, "Tell me all your secrets, or I'll kill you."
Grinder blinks!
You closely miss the ball python. The ball python bites you.
The ball python barely misses you.
You hit the ball python. You kick the ball python.
The ball python is severely wounded.
The ball python bites you but does no damage.
The ball python grabs you. The ball python constricts you.
The ball python closely misses you. The ball python constricts you.
You hit the ball python.
You kill the ball python!
Grinder hits you!
You closely miss Grinder. Grinder gestures at you.
Pain shoots through your body!
You are too injured to fight recklessly!
You are too injured to fight recklessly!
You slash Grinder!
Grinder is moderately wounded.
Grinder gestures at you. Pain shoots through your body!
You die...
Grinder says, "Hey, I wasn't done torturing you yet!"

#.#......#.#
#.#....#.#.#+#####
######.##.............#
#.....................#
#.####.#..............#
#... #.#..............# #
#... #.#.......<......#
..#....#.#..............#
#.....#@#..............#
#.....†5#..............#
#....##.#.#.............
+.................(.....
#.................#####.
#.....#.##........ #.
#.....#.# ...<.... #.
#####.#.# ..... #. #.#.#
### #(


You could see Grinder.

Vanquished Creatures
  3 adders (D:2)
  An adder skeleton (D:2)
  4 worms
  2 dart slugs (D:1)
  5 bats
  A bat zombie (D:2)
  9 endoplasms
  2 giant cockroaches (D:1)
  8 goblins
  6 hobgoblins
  7 jackals
  6 kobolds
  A quokka (D:1)
  7 ball pythons
  2 ball python skeletons (D:2)
  2 ball python zombies (D:2)
  8 rats
74 creatures vanquished.

Notes
Turn   | Place    | Note
-------+----------+-------------------------------------------
     0 | D:1      | grandjackal the Demonspawn Gladiator began the quest for
                  | the Orb.
     0 | D:1      | Reached XP level 1. HP: 16/16 MP: 1/1
   112 | D:1      | Gained mutation: You have large cloven feet. [demonic
                  | ancestry]
   112 | D:1      | Reached XP level 2. HP: 15/22 MP: 2/2
   638 | D:1      | Reached XP level 3. HP: 20/28 MP: 3/3
  1190 | D:2      | Found a basalt altar of Yredelemnul.
  1200 | D:2      | Found a faded altar of an unknown god.
  1267 | D:2      | HP: 1/29 [adder skeleton (1)]
  1272 | D:2      | Gained mutation: You have hoof-like feet. [demonic
                  | ancestry]
  1272 | D:2      | Reached XP level 4. HP: 25/35 MP: 4/4
  2056 | D:3      | Noticed Grinder
  2068 | D:3      | Killed from afar by Grinder

Illustrated notes

Levels and vault maps discovered:
D:1:      scummos_arrival_simple_crosswalls, layout_loops_ring,
          roderic_serpentine_path, chequers_big_river, minmay_pentomino_t4
D:2:      layout_loops_ring, shapermc_ecumenical_altar_notcrosses, basic_altar,
          serial_undead, serial_undead_d, serial_undead_a, serial_undead_f,
          serial_undead_e
D:3:      layout_basic, kennysheep_ying_yang, chequers_serial_rivers_micro_a,
          uniq_robin, uniq_grinder, uniq_crazy_yiuf_cottage

Skill      XL: |  1  2  3 |
---------------+----------+-----
Throwing       | 2 |  2.0
Dodging        | 3 |  3.0
Long Blades    | 3 |  3.8
Fighting       | 3 |  3.6

Action                     |  1- 3 |  4- 6 || total
---------------------------+-------+-------++-------
  Melee: Long sword        |   130 |    68 ||   198
         Kick              |    17 |    12 ||    29
         Punch             |     1 |       ||     1
    Use: Potion            |     2 |       ||     2
   Stab: Sleeping          |     2 |       ||     2
 Armour: Leather armour    |    79 |    21 ||   100
         Ring mail         |       |    22 ||    22
  Dodge: Dodged            |   126 |    38 ||   164

Table legend: (Time is in decaauts)
 A = Elapsed time spent in this place.
 B = Non-inter-level travel time spent in this place.
 C = Inter-level travel time spent in this place.
 D = Time resting spent in this place.
 E = Time spent auto-exploring this place.
 F = Levels seen in this place.
 G = Mean time per level.
                   A        B        C        D        E       F      G
               +--------+--------+--------+--------+--------+-----+--------+
         Total |   2126 |   2099 |     27 |    134 |   1497 |   3 |  708.7 |
       Dungeon |   2126 |   2099 |     27 |    134 |   1497 |   3 |  708.7 |
               +--------+--------+--------+--------+--------+-----+--------+

Top non-repeatable levels by time:
     D:1: 1149 daAuts
     D:2: 782 daAuts
     D:3: 193 daAuts
